cohdb
Replays
Latest Replays
All Replays
Popular Replays
Top Player Replays
Match Explorer
How It Works
Community
CoH3 Stats
Reddit
Sign in to upload your games and track your stats! →
Sign in with Steam
Match 43815925
Unlisted
Match 43815925
Overview
Messages
Build Orders
End
Construct Barracks
Riflemen Squad
M1 Mortar Team
Riflemen Squad
Grenade Package
Mechanized Support Center
Riflemen Squad
Construct Weapon Support Center
M3 Armored Personnel Carrier
Selects Armored Battlegroup
Selects Fast Deploy
Selects Veteran Crews
Selects M31 Recovery Vehicle
M3 Armored Personnel Carrier
M1918 Browning Automatic Rifles
Designate Forward Repair Station
Selects War Machine
Boom
Leveuille
Despicable Daniel
quarex226
B1t
Vasilisk
SkyCurv
Ducksfly
0
0
Comments
sign in to comment!
No comments posted yet!